 Dungeon Crawl Stone Soup version 0.30.1-3-gfc49f6343a (webtiles) character file.

Game seed: 8860489518214866773

543 Wiggles the Chopper (level 7, -11/61 HPs)
             Began as a Minotaur Berserker on Aug 9, 2023.
             Was a Priest of Trog.
             Mangled by a gnoll
             ... wielding a +4 vampiric halberd
              (12 damage)
             ... on level 4 of the Dungeon.
             The game lasted 00:08:31 (3420 turns).

Wiggles the Chopper (Minotaur Berserker)            Turns: 3420, Time: 00:08:31

Health: -11/61     AC: 16    Str: 23    XL:     7   Next: 6%
Magic:  6/6        EV:  7    Int:  4    God:    Trog [***...]
Gold:   357        SH:  0    Dex: 10    Spells: 6/6 levels left

rFire   . . .        a - +1 hand axe
rCold   + . .        (no shield)
rNeg    . . .        l - +0 plate armour
rPois   .            (helmet restricted)
rElec   .            (no cloak)
rCorr   .            t - +0 pair of gloves
SInv    .            (no boots)
Will    .....        f - amulet of the acrobat Stlth
                     j - ring of protection from cold
HPRegen 0.30/turn    p - +4 ring of protection
MPRegen 0.10/turn

%: acrobat
@: lethally poisoned (-11 -> -25), on berserk cooldown, slowed, very slow
A: horns 2, retaliatory headbutt
a: Renounce Religion, Berserk, Trog's Hand


You were on level 4 of the Dungeon.
You worshipped Trog.
Trog was most pleased with you.
You visited 1 branch of the dungeon, and saw 4 of its levels.

You collected 357 gold pieces.

Inventory:

Hand Weapons
 a - a +1 hand axe (weapon)
Missiles
 w - a throwing net (quivered)
Armour
 l - a +0 plate armour (worn)
 t - a +0 pair of gloves (worn)
Jewellery
 f - an amulet of the acrobat (around neck)
 j - a ring of protection from cold (left hand)
 p - a +4 ring of protection (right hand)
Scrolls
 d - 2 scrolls of identify
 e - a scroll of amnesia
 g - a scroll of fog
 h - a scroll of fear
 k - a scroll of enchant weapon
 m - 2 scrolls of vulnerability
 q - a scroll of immolation
Potions
 i - a potion of magic
 n - a potion of berserk rage
 o - 2 potions of degeneration
 r - 3 potions of attraction
 s - a potion of brilliance
 u - a potion of mutation
 z - a potion of cancellation


   Skills:
 + Level 5.4 Fighting
 + Level 7.7 Axes
 + Level 3.9 Armour
 + Level 3.2 Dodging


You had 6 spell levels left.
You didn't know any spells.
Your spell library was empty.

Dungeon Overview and Level Annotations

Branches:
Dungeon (4/15)
 Temple: D:4-7

Altars:
Elyvilon
Uskayaw

Shops:
D:2 :   D:3 !   D:4 *

Annotations:
D:4 1 transporter


Innate Abilities, Weirdness & Mutations

You have a pair of horns on your head.
You reflexively headbutt those who attack you in melee.


Message History

The gnoll throws a throwing net.
The throwing net hits you.
You become entangled in the net!
The gnoll hits you but does no damage.
The gnoll hits you from afar with a +0 spear.
You struggle against the net.
You feel sick. The gnoll barely misses you. x2
The gnoll hits you from afar with a +4 vampiric halberd!
* * * LOW HITPOINT WARNING * * *
You feel much better.
You feel sick. The gnoll completely misses you. The gnoll barely misses you.
The gnoll hits you from afar with a +0 spear.
The gnoll hits you but does no damage.
You are more poisoned.
The gnoll hits you from afar with a +4 vampiric halberd.
The gnoll hits you from afar with a +0 spear.
You feel much better.
You feel sick. The gnoll hits you but does no damage.
The gnoll hits you from afar with a +4 vampiric halberd!
The gnoll hits you from afar with a +0 spear.
You struggle against the net.
You feel sick. The gnoll hits you but does no damage.
You are more poisoned.
The gnoll hits you but does no damage. The gnoll barely misses you. x3
The gnoll hits you from afar with a +4 vampiric halberd.
The gnoll hits you from afar with a +0 spear.
You tear a large gash into the net.
You feel very sick.
The gnoll hits you from afar with a +2 spear of venom.
You are more poisoned.
The gnoll hits you from afar with a +4 vampiric halberd!
* * * LOW HITPOINT WARNING * * *
The gnoll hits you but does no damage.
The gnoll hits you from afar with a +0 spear.
* * * LOW HITPOINT WARNING * * *
You shred the net and break free!
* * * LOW HITPOINT WARNING * * *
You feel very sick.
The gnoll hits you from afar with a +2 spear of venom.
* * * LOW HITPOINT WARNING * * *
You are more poisoned.
The gnoll hits you but does no damage.
The gnoll hits you from afar with a +4 vampiric halberd!
You die...

#### #.≈≈≈≈≈≈≈≈≈≈≈≈~≈≈≈≈≈≈≈≈≈≈≈≈.
.#.###.≈≈≈≈≈≈≈≈≈≈≈≈~≈≈≈≈≈≈≈≈≈≈≈≈.
....##.≈≈#####...........#####≈≈.
....##.≈≈#.8.#.###.©.###.#g8g#≈≈.
.......≈≈#...###©#####.###...#≈≈.
#....#.≈≈###...............###≈≈.
#.##...≈≈.8#.######'######.#8.≈≈.
#......≈≈.##.#.⌠g#..8#,,,#.##.≈≈.
.....>.~~.#..'g.@)g©⌠#,,,'.W#.~~.
.......≈≈.##.#.⌠.#g.8#,,.#.##.≈≈.
.......≈≈.8#.######'######.#8.≈≈.
.......≈≈###.....[.........###≈≈.
.......≈≈#...###.#####.###.gg#≈≈.
.......≈≈#.8.#.###.©.###.#.8g#≈≈.
.......≈≈#####...........#####≈≈.
.......≈≈≈≈≈≈≈≈≈≈≈...≈≈≈≈≈≈≈≈≈≈≈.
.......≈≈≈≈≈≈≈≈≈≈≈...≈≈≈≈≈≈≈≈≈≈≈.


You could see 4 gnolls.

Vanquished Creatures
  A black bear (D:4)
  An ogre (D:4)
  A scorpion (D:4)
  A howler monkey (D:3)
  2 iguanas (D:4)
  The ghost of AccursedSamuel the Trooper, a weakling DsCK of Xom (D:4)
  7 gnolls
  5 adders
  An ufetubus (D:4)
  4 dart slugs
  2 orcs (D:4)
  10 bats
  7 endoplasms
  2 giant cockroaches (D:3)
  11 hobgoblins
  4 jackals (D:1)
  2 quokkas
  5 ball pythons
  4 frilled lizards
  4 goblins
  4 kobolds (D:1)
  4 rats
83 creatures vanquished.

Notes
Turn   | Place    | Note
-------+----------+-------------------------------------------
     0 | D:1      | Wiggles the Minotaur Berserker began the quest for the Orb.
     0 | D:1      | Reached XP level 1. HP: 19/19 MP: 0/0
   198 | D:1      | Reached XP level 2. HP: 22/27 MP: 1/1
   259 | D:1      | Reached skill level 4 in Axes
   538 | D:1      | Reached XP level 3. HP: 31/33 MP: 2/2
   787 | D:1      | Reached ** piety under Trog
  1069 | D:2      | You fall into a shaft and drop 2 floors!
  1071 | D:4      | Noticed a black bear
  1085 | D:4      | Killed a black bear
  1086 | D:4      | Reached skill level 5 in Axes
  1086 | D:4      | Reached XP level 4. HP: 41/41 MP: 3/3
  1086 | D:4      | Reached XP level 5. HP: 47/47 MP: 4/4
  1130 | D:4      | Found a white marble altar of Elyvilon.
  1184 | D:4      | Reached skill level 6 in Axes
  1219 | D:3      | Reached skill level 5 in Fighting
  1456 | D:2      | Found Toat's Book Shoppe.
  1691 | D:2      | Reached XP level 6. HP: 56/56 MP: 5/5
  2264 | D:3      | Noticed a +0 hand axe
  2264 | D:3      | Noticed a +0 dagger
  2320 | D:3      | Reached skill level 7 in Axes
  2485 | D:3      | Found a hide-covered altar of Uskayaw.
  2544 | D:3      | Found Sogh's Distillery.
  3024 | D:4      | Reached XP level 7. HP: 60/61 MP: 6/6
  3056 | D:4      | Reached *** piety under Trog
  3087 | D:4      | Found a transporter.
  3101 | D:4      | Noticed AccursedSamuel's ghost (weakling DsCK)
  3125 | D:4      | Found a transporter.
  3169 | D:4      | Found Atoss's General Store.
  3402 | D:4      | Killed AccursedSamuel's ghost
  3420 | D:4      | HP: 3/61 [poisoned by a gnoll]
  3420 | D:4      | HP: 1/61 [gnoll/+2 spear of venom (2)]
  3420 | D:4      | Mangled by a gnoll

Illustrated notes

Levels and vault maps discovered:
D:1:      dpeg_arrival_fog, layout_loops_corners
D:2:      layout_basic, serial_shops, nicolae_shop_advertising_works
          [nicolae_subvault_shop_adworks]
D:3:      layout_basic, dancing_weapons_uskayaw, serial_shops,
          nicolae_shop_peninsula
D:4:      layout_cave_pools, elyvilon_altar_3, serial_shops,
          kennysheep_mini_moat, gammafunk_ghost_gnarly_gnolls

Skill      XL: |  1  2  3  4  5  6 |
---------------+-------------------+-----
Axes           | 4 5 6 7 |  7.7
Fighting       | 4 5 |  5.4
Armour         | 3 |  3.9
Dodging        | 3 |  3.2

Action                     |  1- 3 |  4- 6 |  7- 9 || total
---------------------------+-------+-------+-------++-------
  Melee: Hand axe          |    72 |   112 |    17 ||   201
         Headbutt          |     9 |    20 |     1 ||    30
         Punch             |       |     2 |       ||     2
 Invoke: Berserk           |     1 |       |     1 ||     2
    Use: Scroll            |       |       |    17 ||    17
         Potion            |       |       |     2 ||     2
 Armour: Animal skin       |    12 |       |       ||    12
         Plate armour      |     9 |    50 |    12 ||    71
         Leather armour    |     1 |       |       ||     1
         Skin              |       |       |    39 ||    39
  Dodge: Dodged            |    44 |    49 |    46 ||   139
